 Dungeon Crawl Stone Soup version 0.31.0-9-g3a7656b989 (webtiles) character file.

Game seed: 7377250394065679485

104 qw the Shooter (level 4, -1/23 HPs)
             Began as a Spriggan Hunter on Feb 2, 2024.
             Slain by an ufetubus (4 damage)
             ... on level 3 of the Dungeon.
             The game lasted 00:00:06 (1919 turns).

qw the Shooter (Spriggan Hunter)                    Turns: 1919, Time: 00:00:06

Health: -1/23      AC:  2    Str:  7    XL:     4   Next: 52%
Magic:  5/5        EV: 20    Int: 10    God:
Gold:   70         SH:  0    Dex: 20    Spells: 3/3 levels left

rFire   . . .        a - +2 shortbow
rCold   . . .        (shield currently unavailable)
rNeg    . . .        c - +0 robe
rPois   .            (helmet restricted)
rElec   .            (no cloak)
rCorr   .            (gloves unavailable)
SInv    +            (boots unavailable)
Will    .....        (no amulet)
Stlth   ++           (no ring)
HPRegen 0.23/turn    (no ring)
MPRegen 0.09/turn

%: no passive effects
@: very quick
A: very small, no large weapons, unfitting armour, see invisible, speed 3
a: no special abilities


You were on level 3 of the Dungeon.
You visited 1 branch of the dungeon, and saw 3 of its levels.

You collected 70 gold pieces.


Innate Abilities, Weirdness & Mutations

You are very small and have problems with some larger weapons.
You are too small for most types of armour.
You have supernaturally acute eyesight. (SInv)
You cover ground extremely quickly. (Speed+++)


   Skills:
 + Level 1.7 Fighting
 - Level 5.0 Ranged Weapons
 - Level 5.0 Dodging
 - Level 1.5 Stealth


You had 3 spell levels left.
You didn't know any spells.
Your spell library was empty.

Inventory:

Hand Weapons
 a - a +2 shortbow (weapon)
Armour
 c - a +0 robe (worn)
Scrolls
 b - a scroll of poison {unknown}
Potions
 d - a potion of curing {unknown}
 e - a potion of brilliance {unknown}
 f - a potion of cancellation
 h - a potion of magic {unknown}

Dungeon Overview and Level Annotations

Branches:
Dungeon (3/15)

Altars:

Annotations:
D:3 1 runed translucent door, Crazy Yiuf


Message History

The ufetubus misses you.
The ufetubus hits you but does no damage.
The ufetubus misses you.
You shoot an arrow. The arrow barely misses the ufetubus.
The ufetubus hits you. x2; The ufetubus barely misses you.
The ufetubus completely misses you. The ufetubus closely misses you.
The ufetubus hits you. The ufetubus barely misses you. The ufetubus hits you.
You shoot an arrow. The arrow hits the ufetubus.
The ufetubus is moderately wounded.
The ufetubus barely misses you. x2; The ufetubus completely misses you.
The ufetubus misses you. The ufetubus completely misses you.
The ufetubus hits you. The ufetubus closely misses you.
The ufetubus misses you.
You shoot an arrow. The arrow misses the ufetubus.
The ufetubus hits you. The ufetubus barely misses you. x2
The ufetubus closely misses you. The ufetubus misses you. x2
The ufetubus completely misses you. x2
You shoot an arrow. The arrow misses the ufetubus.
The ufetubus barely misses you. The ufetubus completely misses you.
The ufetubus hits you. The ufetubus misses you.
You shoot an arrow. The arrow hits the ufetubus!
You kill the ufetubus!
The ufetubus slips past you! The ufetubus misses you.
The ufetubus closely misses you.
The ufetubus hits you but does no damage.
The ufetubus closely misses you.
You shoot an arrow. The arrow hits the ufetubus.
The ufetubus is heavily wounded.
The ufetubus closely misses you. The ufetubus misses you.
You shoot an arrow. The arrow hits the ufetubus.
The ufetubus is severely wounded.
The ufetubus misses you. The ufetubus hits you.
The ufetubus barely misses you. x2
You shoot an arrow.
The arrow hits the ufetubus but does no damage.
The ufetubus is severely wounded.
The ufetubus closely misses you. The ufetubus misses you.
The ufetubus closely misses you. x2
You shoot an arrow. The arrow barely misses the ufetubus.
The ufetubus completely misses you. The ufetubus closely misses you.
The ufetubus hits you. x2
You die...

##....#.#
#......![.####.......#
+.........+......!....
.........####....####
....... ##.#.# )....
###.# ... #.## #
#####'## #..###
#....@.# #.....
##.###5.##########.####
.........))..).....# #
.#.#.....###########
#....)# #....##
.......# ....##.# .####
#.#


You could see an ufetubus.

Vanquished Creatures
  An orc wizard (D:3)
  An adder (D:2)
  An ufetubus (D:3)
  2 ribbon worms (D:2)
  2 orcs (D:3)
  4 endoplasms
  2 giant cockroaches
  5 goblins
  5 hobgoblins
  7 jackals
  3 quokkas
  6 ball pythons
  4 bats
  4 frilled lizards
  4 kobolds (D:1)
  3 rats
54 creatures vanquished.

Notes
Turn   | Place    | Note
-------+----------+-------------------------------------------
     0 | D:1      | qw the Spriggan Hunter began the quest for the Orb.
     0 | D:1      | Reached XP level 1. HP: 10/10 MP: 2/2
     0 | D:1      | 0 ||| qw: Version: 0.3-a-155-g5e7d8dd
     0 | D:1      | 0 ||| qw: Game counter: 1120
     0 | D:1      | 0 ||| qw: Melee chars always use a shield: true
     0 | D:1      | 0 ||| qw: God list: Okawaru
     0 | D:1      | 0 ||| qw: Allow faded altars: false
     0 | D:1      | 0 ||| qw: Do Orc after clearing Dungeon:15 true
     0 | D:1      | 0 ||| qw: Do second Lair branch before Depths: true
     0 | D:1      | 0 ||| qw: Lair rune preference: random
     0 | D:1      | 0 ||| qw: Goals: Normal
     0 | D:1      | 0 ||| PLANNING D:1-11
    69 | D:1      | Reached skill level 3 in Dodging
   160 | D:1      | Reached XP level 2. HP: 13/14 MP: 3/3
   399 | D:1      | Reached XP level 3. HP: 18/18 MP: 4/4
   888 | D:1      | 888 ||| READING scroll labelled CONUGH NAVE.
   889 | D:1      | 889 ||| READING 2 scrolls labelled ACVA FOCROPT.
   889 | D:1      | 889 ||| ENCHANTING +0 shortbow.
   890 | D:1      | 890 ||| READING scroll of enchant weapon.
   890 | D:1      | 890 ||| ENCHANTING +1 shortbow.
   891 | D:1      | 891 ||| READING scroll labelled KACZAP SORUESY.
   892 | D:1      | 892 ||| READING scroll labelled HENUOL VIRACW.
   892 | D:1      | 892 ||| IDENTIFYING scroll labelled WERITAO PE XAE
   893 | D:1      | 893 ||| DROPPING scroll of butterflies.
   894 | D:1      | 894 ||| DROPPING scroll of silence.
  1520 | D:2      | 1520 ||| READING scroll of identify.
  1520 | D:2      | 1520 ||| IDENTIFYING fizzy clear potion
  1521 | D:2      | 1521 ||| READING 2 scrolls labelled YVOENUFOAT.
  1622 | D:2      | 1622 ||| READING scroll labelled YDETEARIMI.
  1626 | D:2      | 1626 ||| READING scroll labelled CEIDUAPSOCK.
  1658 | D:2      | 1658 ||| DRINKING 2 bubbling silvery potions.
  1659 | D:2      | 1659 ||| DROPPING potion of attraction.
  1660 | D:2      | 1660 ||| DROPPING scroll of vulnerability.
  1724 | D:3      | Reached XP level 4. HP: 22/22 MP: 5/5
  1830 | D:3      | Found a runed translucent door.
  1831 | D:3      | Noticed Crazy Yiuf
  1919 | D:3      | HP: 3/23 [ufetubus (5)]
  1919 | D:3      | Slain by an ufetubus

Levels and vault maps discovered:
D:1:      psy_arrival_conway, layout_basic
D:2:      layout_loops_ring
D:3:      layout_loops_corners, nicolae_ecumenical_snake_handling, uniq_sigmund,
          uniq_crazy_yiuf_cottage

Skill      XL: |  1  2  3  4 |
---------------+-------------+-----
Dodging        | 3 4 5 |  5.0
Ranged Weapons | 5 |  5.0
Fighting       | |  1.7
Stealth        | |  1.5

Action                     |  1- 3 |  4- 6 || total
---------------------------+-------+-------++-------
   Fire: Shortbow          |   136 |    24 ||   160
    Use: Scroll            |     9 |       ||     9
         Potion            |     1 |       ||     1
 Armour: Robe              |    15 |    14 ||    29
  Dodge: Dodged            |    41 |    40 ||    81

Table legend:
 A = Non-vault XP
 B = Vault XP
 C = Vault XP percentage of total XP
 D = Non-vault monster count
 E = Vault monster count
 F = Vault count percentage of total count
                 A         B        C        D         E       F
            +---------+---------+-------+---------+---------+-------
      Total |     149 |       0 |   0.0 |      54 |       0 |   0.0
            +---------+---------+-------+---------+---------+-------
        D:1 |      49 |       0 |   0.0 |      30 |       0 |   0.0
        D:2 |      45 |       0 |   0.0 |      17 |       0 |   0.0
        D:3 |      55 |       0 |   0.0 |       7 |       0 |   0.0
            +---------+---------+-------+---------+---------+-------
